 Dungeon Crawl Stone Soup version 0.30.0 (webtiles) character file.

Game seed: 7752884086121942930

14 dialectric the Sneak (level 2, 0/20 HPs)
             Began as a Gargoyle Delver on May 6, 2023.
             Slain by a kobold
             ... wielding a +0 short sword
              (2 damage)
             ... on level 5 of the Dungeon.
             The game lasted 00:01:50 (388 turns).

dialectric the Sneak (Gargoyle Delver)               Turns: 388, Time: 00:01:51

Health: 0/20       AC:  5    Str: 13    XL:     2   Next: 41%
Magic:  2/2        EV: 11    Int: 10    God:
Gold:   58         SH:  0    Dex: 11    Spells: 1/1 levels left

rFire   . . .        a - +0 mace
rCold   . . .        (no shield)
rNeg    + . .        b - +0 leather armour
rPois   ∞            (helmet restricted)
rElec   +            (no cloak)
rCorr   .            (no gloves)
SInv    .            (no boots)
Will    .....        (no amulet)
Stlth   +++          (no ring)
HPRegen 0.23/turn    (no ring)
MPRegen 0.08/turn

%: no passive effects
@: no status effects
A: sickness immunity, AC +2, negative energy resistance 1, electricity
resistance, torment resistance 1, petrification resistance, horns 1, weak 1,
inability to read after injury 1
a: no special abilities


You were on level 5 of the Dungeon.
You visited 1 branch of the dungeon, and saw 2 of its levels.

You collected 58 gold pieces.

Inventory:

Hand Weapons
 a - a +0 mace (weapon)
Missiles
 k - 6 javelins (quivered)
Armour
 b - a +0 leather armour (worn)
 j - a +0 helmet
Wands
 g - a wand of digging (3)
Scrolls
 c - 2 scrolls of fog
 d - a scroll of magic mapping
 h - a scroll of immolation


   Skills:
 + Level 3.6 Fighting
 + Level 2.3 Maces & Flails
 + Level 0.2 Armour
 + Level 1.7 Dodging
 - Level 5.4 Stealth


You had one spell level left.
You didn't know any spells.
Your spell library contained the following spells:

 Spells                   Type           Power      Damage    Failure   Level
 Summon Small Mammal      Summ           0%         N/A       43%         1
 Call Canine Familiar     Summ           0%         N/A       82%         3
 Summon Guardian Golem    Hex/Summ       0%         N/A       82%         3


Dungeon Overview and Level Annotations

Branches:
Dungeon (6/15)
 Temple: D:4-7

Altars:


Innate Abilities, Weirdness & Mutations

You are immune to sickness and miasma.
Your stone body is resilient. (AC +2)
You are immune to poison.
You resist negative energy. (rN+)
You are resistant to electric shocks. (rElec)
You are resistant to unholy torment.
You are immune to petrification.
You have a pair of small horns on your head.
You are weak. (Str -2)
You occasionally lose the ability to read scrolls when taking damage.


Message History

The orc shouts!
You sock the orc!
You kill the orc!
You barely miss the orc. You headbutt the orc!
The orc is almost dead.
The orc hits you with a +0 dagger. The orc barely misses you.
You hit the orc.
You kill the orc!
Things that are here:
a +0 dagger; a +0 war axe The adder is attracted toward you.
The adder is attracted toward you.
The adder hisses angrily.
You barely miss the adder.
Your attack snaps the adder out of its fear.
The adder closely misses you. The adder barely misses you.
You miss the adder. Your headbutt misses the adder.
The adder closely misses you. The adder bites you.
Unknown command.
The adder attacks as you move away! The adder bites you.
The adder barely misses you. The adder attacks as you move away!
The adder bites you.
The kobold shouts!
The kobold is attracted toward you. The adder bites you but does no damage.
You feel less attractive to monsters.
The adder's inner flame fades away.
The kobold hits you with a +0 short sword.
The kobold hits you but does no damage. The adder attacks as you move away!
The adder bites you.
You feel threatened and lose the ability to read scrolls!
* * * LOW HITPOINT WARNING * * *
You can read scrolls again.
The adder bites you.
You feel threatened and lose the ability to read scrolls!
* * * LOW HITPOINT WARNING * * *
You can read scrolls again.
The adder attacks as you move away! The adder bites you but does no damage.
The kobold attacks as you move away!
The kobold hits you with a +0 short sword.
You die...

##### ####...#######
#............#
#........###.###
#..............#
#.###..K.....###.#.#
#.....@S....## #.#.#
#####.##...## #.#.#
#.###### #.#)# #.#
#.#.# ############.#
#.#.####
#....K.OhK.>.#
#....o§§
#.############
###.#### #.# #....#


hK# ..##.O You could see an adder and a kobold.

Vanquished Creatures
  An adder (D:5)
  2 orcs (D:5)
  A kobold (D:6)
4 creatures vanquished.

Notes
Turn   | Place    | Note
-------+----------+-------------------------------------------
     0 | D:5      | dialectric the Gargoyle Delver began the quest for the Orb.
     0 | D:5      | Reached XP level 1. HP: 14/14 MP: 1/1
   131 | D:5      | Noticed an ogre
   159 | D:5      | Noticed a kobold brigand
   160 | D:5      | Noticed a hound
   161 | D:5      | Noticed an ogre
   164 | D:5      | Reached XP level 2. HP: 19/19 MP: 2/2
   267 | D:5      | Gained mutation: You have a pair of small horns on your
                  | head. [potion of mutation]
   267 | D:5      | Gained mutation: You occasionally lose the ability to read
                  | scrolls when taking damage. [potion of mutation]
   267 | D:5      | Gained mutation: You are weak. (Str -2) [potion of
                  | mutation]
   270 | D:5      | Noticed a phantom
   342 | D:5      | Noticed an orc warrior
   388 | D:5      | Slain by a kobold

Illustrated notes

Levels and vault maps discovered:
D:5:      layout_loops_ring, lemuel_blue_sif_altar
D:6:      layout_gridville, zin_statuary, minmay_temple_entry_enclosed_plants

Action                     || total
---------------------------++-------
  Melee: Mace              ||    18
         Headbutt          ||     1
    Use: Potion            ||     3
         Scroll            ||     2
 Armour: Leather armour    ||    12
  Dodge: Dodged            ||    22
